 Dungeon Sprint DCSS version 0.20.1-1-g8b1a95d (webtiles) character file.

32346 Fang the Executioner (level 13, -17/150 HPs)
             Began as a Gargoyle Berserker on Oct 22, 2018.
             Was the Champion of Trog.
             Killed from afar by an orb of fire (34 damage)
             ... with a fireball
             ... in the Dungeon (Sprint VII: "The Pits").
             The game lasted 00:09:39 (4055 turns).

Fang the Executioner (Gargoyle Berserker)           Turns: 4055, Time: 00:09:40

Health: -17/150    AC: 22    Str: 30    XL:     13   Next: 64%
Magic:  0/18       EV: 19    Int:  9    God:    Trog [******]
Gold:   12         SH:  0    Dex:  9    Spells: 12/12 levels left

rFire    . . .     SeeInvis .   H - +2 battleaxe (freeze)
rCold    . . .     Gourm    .   (shield currently unavailable)
rNeg     + . .     Faith    .   C - +4 moon troll leather armour {Spirit, Regen++ MP+5}
rPois    ∞         Spirit   +   (no helmet)
rElec    +         Reflect  .   (no cloak)
rCorr    .         Harm     .   (no gloves)
MR       +....     Rnd*Rage +   (no boots) Stlth ..........NoTele +
                                (no amulet)
Regen    1.2/turn               r - +3 ring of evasion
MPRegen  0.2/turn               v - +3 ring of protection

@: berserking (expiring), very quick
A: berserk 1, deterioration 1, magic resistance 1, negative energy resistance 1,
electricity resistance, unbreathing, petrification resistance, rot immunity, AC
+9
a: Berserk, Trog's Hand, Brothers in Arms, Burn Spellbooks, Renounce Religion


You were in the Dungeon.
You worshipped Trog.
Trog was exalted by your worship.
You were very hungry.

You visited 1 branch You collected 12 gold pieces.

Inventory:

Hand Weapons
 j - a +2 hand axe of draining
 q - a +6 antimagic battleaxe
 x - a +3 battleaxe of chopping
 F - a +2 antimagic executioner's axe
 H - a +2 battleaxe of freezing (weapon)
Armour
 w - a +3 plate armour
 C - the +4 moon troll leather armour (worn) {Spirit, Regen++ MP+5}
   (You found it in the Dungeon)

   It affects your magic capacity (+5).
   It increases your rate of regeneration.
Jewellery
 b - an uncursed ring of protection from magic
 r - a +3 ring of evasion (left hand)
 v - a +3 ring of protection (right hand)
Scrolls
 i - a scroll of blinking
 k - 4 scrolls of remove curse
 l - a scroll of summoning
 p - 4 scrolls of enchant weapon
 y - 2 scrolls of enchant armour
 z - a scroll of fear
 A - 3 scrolls of recharging
 B - a scroll of magic mapping
 E - a scroll of holy word
Potions
 a - 2 potions of invisibility
 d - 9 potions of curing
 e - 13 potions of heal wounds
 f - 6 potions of haste
 g - 4 potions of magic
 h - 3 potions of berserk rage
 s - 2 potions of agility
 t - 2 potions of resistance
 u - 2 potions of brilliance
Comestibles
 c - 6 bread rations
 m - 38 fruits
 n - 7 meat rations
 D - a royal jelly


   Skills:
 + Level 19.0 Fighting
 + Level 22.2 Axes
 + Level 13.4 Armour
 + Level 9.1 Dodging
 + Level 5.4 Stealth


You had 12 spell levels left.
You didn't know any spells.

Dungeon Overview and Level Annotations

Branches:
Dungeon (1/1)

Altars:
Ashenzari
Cheibriados
Dithmenos
Elyvilon
Fedhas
Gozag
Hepliaklqana
Kikubaaqudgha
Makhleb
Nemelex Xobeh
Okawaru
Qazlal
Ru
Sif Muna
Trog
Uskayaw
Vehumet
Xom
Yredelemnul
Zin
The Shining One
Beogh
Jiyva
Lugonu


Innate Abilities, Weirdness & Mutations

You are resistant to torment.
Your stone body is resilient. (AC +9)
You are immune to poison.
You resist negative energy. (rN+)
You are resistant to electric shocks. (rElec)
You can survive without breathing.
You are immune to petrification.
You are immune to rotting.
You tend to lose your temper in combat.
Your body sometimes deteriorates upon taking damage.
You are resistant to hostile enchantments. (MR+)


Message History

* * * LOW HITPOINT WARNING * * *
The fireball engulfs the orb of fire.
The orb of fire completely resists.
You closely miss the orb of fire.
The orb of fire is almost destroyed.
The orb of fire glows yellow.
Strange energies course through your body.
You feel resistant to hostile enchantments.
Unknown command.
Unknown command.
You barely miss the orb of fire.
The orb of fire is almost destroyed.
Unknown command.
You hit the orb of fire.
The orb of fire is almost destroyed.
Unknown command.
You closely miss the orb of fire.
The orb of fire is almost destroyed.
The orb of fire glows deep purple.
The fireball explodes!
The fireball engulfs you!
You die...

#+# #+
#.# ##.
#*# +..
##@##
+.##...#
#++.).#
####.##
#)# #.#
#'# #.#
#'#


You could see an orb of fire.

Vanquished Creatures
  A curse toe (D)
  A pearl dragon (D)
  2 Hell Sentinels (D)
  A titan (D)
  A fire giant (D)
  A war gargoyle (D)
  A dire elephant (D)
  A yellow draconian (D)
  Azrael (D)
  A death knight (D)
  A merfolk avatar (D)
  A vampire mage (D)
  A shadow wraith (D)
  A sun demon (D)
  2 unseen horrors (D)
  2 flayed ghosts (D)
  A sea snake (D)
  A spriggan druid (D)
  A phantasmal warrior (D)
  An orc knight (D)
  2 lindwurms (D)
  A deep elf mage (D)
  2 smoke demons (D)
  3 molten gargoyles (D)
  A hellion (D)
  An orange demon (D)
  2 red devils (D)
  A jumping spider (D)
  A raiju (shapeshifter) (D)
  A tyrant leech (D)
  A hornet (D)
  4 redbacks (D)
  A wyvern (D)
  A spriggan (D)
  A tarantella (D)
  2 fire elementals (D)
  A small abomination (D)
  2 vampire mosquitoes (D)
  A chaos spawn (D)
  Grum (D)
  A hungry ghost (D)
  An acid dragon (D)
  A floating eye (D)
  A water moccasin (D)
  4 hell hounds (D)
  A sky beast (D)
  An orc warrior (D)
  A black bear (D)
  A swamp drake (D)
  An eye of draining (D)
  2 wolves (D)
  2 big kobolds (D)
  A bullfrog (D)
  A gnoll sergeant (D)
  3 killer bees (D)
  3 orc priests (D)
  An iron imp (D)
  An iguana (D)
  A hell rat (D)
  2 worker ants (D)
  2 orc wizards (D)
  A mummy (D)
  A river rat (D)
  2 ufetubi (D)
  3 orcs (D)
  A giant cockroach (D)
  A hobgoblin (D)
  A ball python (D)
  A bat (D)
  2 frilled lizards (D)
  4 kobolds (D)
  A rat (D)
103 creatures vanquished.

Vanquished Creatures (collateral kills)
  A rime drake (D)
  A vampire mosquito (D)
  A swamp drake (D)
  2 killer bees (D)
5 creatures vanquished.

Vanquished Creatures (others)
  2 wolves (D)
  A goblin (D)
3 creatures vanquished.

Grand Total: 111 creatures vanquished

Notes
Turn   | Place    | Note
-------+----------+-------------------------------------------
     0 | D        | Fang the Gargoyle Berserker began the quest for the Orb.
     0 | D        | Reached XP level 1. HP: 14/14 MP: 1/1
    18 | D        | Found a bloodstained altar of Trog.
    18 | D        | Found a deep blue altar of Sif Muna.
    18 | D        | Found a viscous altar of Jiyva.
    18 | D        | Found a hazy altar of Hepliaklqana.
    18 | D        | Found an opulent altar of Gozag.
    19 | D        | Found a glowing golden altar of the Shining One.
    19 | D        | Found a glowing silver altar of Zin.
    19 | D        | Found a basalt altar of Yredelemnul.
    19 | D        | Found a shimmering altar of Xom.
    19 | D        | Found a sacrificial altar of Ru.
    19 | D        | Found a stormy altar of Qazlal.
    19 | D        | Found an iron altar of Okawaru.
    19 | D        | Found a sparkling altar of Nemelex Xobeh.
    19 | D        | Found a burning altar of Makhleb.
    19 | D        | Found a blossoming altar of Fedhas.
    19 | D        | Found a white marble altar of Elyvilon.
    19 | D        | Found a shadowy altar of Dithmenos.
    19 | D        | Found a snail-covered altar of Cheibriados.
    21 | D        | Found a radiant altar of Vehumet.
    21 | D        | Found a corrupted altar of Lugonu.
    21 | D        | Found a roughly hewn altar of Beogh.
    58 | D        | Noticed a worker ant
    65 | D        | Killed a worker ant
    65 | D        | Reached skill level 4 in Axes
    65 | D        | Reached XP level 2. HP: 13/20 MP: 2/2
    65 | D        | Reached XP level 3. HP: 16/25 MP: 3/3
    70 | D        | Reached ** piety under Trog
    70 | D        | Reached skill level 5 in Fighting
   379 | D        | Reached *** piety under Trog
   379 | D        | Reached skill level 5 in Axes
   379 | D        | Reached XP level 4. HP: 20/32 MP: 4/4
   656 | D        | Noticed a water moccasin
   656 | D        | Noticed a floating eye
   658 | D        | Noticed a black bear
   658 | D        | Killed a floating eye
   658 | D        | Reached skill level 7 in Axes
   658 | D        | Reached XP level 5. HP: 39/39 MP: 5/5
   659 | D        | Reached **** piety under Trog
   680 | D        | Killed a black bear
   680 | D        | Reached skill level 8 in Axes
   680 | D        | Reached XP level 6. HP: 45/45 MP: 6/6
   681 | D        | Killed a water moccasin
   681 | D        | Reached skill level 9 in Axes
   682 | D        | Reached ***** piety under Trog
   710 | D        | Reached XP level 7. HP: 49/52 MP: 7/7
   726 | D        | Noticed a tarantella
   742 | D        | Killed a tarantella
   742 | D        | Reached skill level 10 in Fighting
   742 | D        | Reached skill level 10 in Axes
   742 | D        | Reached skill level 5 in Dodging
   883 | D        | Reached skill level 5 in Armour
   902 | D        | Noticed a hungry ghost
   902 | D        | Noticed a lindwurm
   910 | D        | Killed a hungry ghost
   910 | D        | Reached ****** piety under Trog
   910 | D        | Reached skill level 11 in Axes
   910 | D        | Reached XP level 8. HP: 60/60 MP: 8/8
   914 | D        | Killed a lindwurm
  1046 | D        | Found a hide-covered altar of Uskayaw.
  1046 | D        | Found an ancient bone altar of Kikubaaqudgha.
  1046 | D        | Found a shattered altar of Ashenzari.
  1071 | D        | Received a gift from Trog
  1080 | D        | Noticed a flayed ghost
  1088 | D        | Killed an unseen horror
  1088 | D        | Reached skill level 12 in Axes
  1088 | D        | Reached XP level 9. HP: 58/65 MP: 3/9
  1104 | D        | Killed a flayed ghost
  1104 | D        | Reached skill level 13 in Axes
  1287 | D        | Noticed a rime drake
  1287 | D        | Noticed a tyrant leech
  1309 | D        | Killed a tyrant leech
  1319 | D        | Received a gift from Trog
  1323 | D        | Reached skill level 14 in Axes
  1330 | D        | Killed a rime drake
  1447 | D        | Noticed a smoke demon
  1452 | D        | Reached XP level 10. HP: 42/73 MP: 3/10
  1453 | D        | Received a gift from Trog
  1460 | D        | Killed a smoke demon
  1506 | D        | Killed an unseen horror
  1506 | D        | Reached skill level 10 in Armour
  1758 | D        | Noticed a harpy
  1758 | D        | a rime drake changed into a harpy
  1763 | D        | a harpy changed into a meliai
  1822 | D        | Noticed a deep elf mage
  1835 | D        | Reached skill level 15 in Axes
  1847 | D        | Killed a deep elf mage
  1847 | D        | Received a gift from Trog
  2016 | D        | Noticed a phantasmal warrior
  2026 | D        | Killed a phantasmal warrior
  2182 | D        | Noticed a sun demon
  2185 | D        | Noticed a yellow draconian
  2189 | D        | Killed a sun demon
  2197 | D        | Killed a yellow draconian
  2197 | D        | Reached skill level 16 in Axes
  2197 | D        | Reached XP level 11. HP: 64/80 MP: 3/11
  2245 | D        | Noticed a spriggan rider
  2508 | D        | Noticed a lindwurm
  2508 | D        | Noticed a sea snake
  2510 | D        | Noticed Grum
  2511 | D        | Noticed a flayed ghost
  2519 | D        | Reached skill level 1 in Stealth
  2521 | D        | Reached skill level 15 in Fighting
  2522 | D        | Killed a sea snake
  2522 | D        | Reached skill level 17 in Axes
  2526 | D        | Received a gift from Trog
  2528 | D        | Killed a lindwurm
  2529 | D        | Killed a flayed ghost
  2533 | D        | Killed Grum
  2537 | D        | Received a gift from Trog
  2678 | D        | Got the +10 broad axe of Demand {vamp, -Tele rElec MP+9 SInv}
  2811 | D        | Noticed an orc knight
  2829 | D        | Killed an orc knight
  2830 | D        | Received a gift from Trog
  2891 | D        | Noticed a death knight
  2897 | D        | Reached skill level 18 in Axes
  2902 | D        | Killed a death knight
  2943 | D        | Killed a shadow wraith
  2957 | D        | Noticed a vampire mage
  2980 | D        | Killed a vampire mage
  2980 | D        | Reached XP level 12. HP: 72/88 MP: 3/12
  2992 | D        | Received a gift from Trog
  3091 | D        | Noticed Azrael
  3101 | D        | Received a gift from Trog
  3105 | D        | Reached skill level 19 in Axes
  3113 | D        | Killed Azrael
  3240 | D        | Noticed a titan
  3244 | D        | Killed a titan
  3287 | D        | Noticed a dire elephant
  3293 | D        | Killed a dire elephant
  3293 | D        | Received a gift from Trog
  3334 | D        | Noticed a Hell Sentinel
  3348 | D        | Killed a Hell Sentinel
  3348 | D        | Reached skill level 20 in Axes
  3543 | D        | Noticed a Hell Sentinel
  3551 | D        | Killed a Hell Sentinel
  3551 | D        | Reached XP level 13. HP: 14/97 MP: 0/13
  3623 | D        | Noticed a curse toe
  3630 | D        | Killed a curse toe
  3630 | D        | Reached skill level 21 in Axes
  3630 | D        | Reached skill level 5 in Stealth
  3730 | D        | Noticed a fire giant
  3730 | D        | Noticed a war gargoyle
  3742 | D        | Killed a fire giant
  3748 | D        | Received a gift from Trog
  3752 | D        | Killed a war gargoyle
  3967 | D        | Noticed a pearl dragon
  3980 | D        | Killed a pearl dragon
  3980 | D        | Reached skill level 22 in Axes
  4033 | D        | Noticed an orb of fire
  4033 | D        | Gained mutation: You tend to lose your temper in combat. [an orb of fire]
  4048 | D        | Gained mutation: Your body sometimes deteriorates upon taking damage. [an orb of fire]
  4052 | D        | Gained mutation: You are resistant to hostile enchantments. (MR+) [an orb of fire]
  4055 | D        | Killed from afar by an orb of fire

Skill      XL: |  1  2  3  4  5  6  7  8  9 10 11 12 13 |
---------------+----------------------------------------+-----
Fighting       | 4 5 7 8 9 11 12 13 14 16 17 19 | 19.0
Axes           | 4 5 7 8 9 11 12 14 16 18 20 22 | 22.2
Dodging        | 2 3 4 5 6 8 9 |  9.1
Armour         | 3 4 5 7 9 11 12 13 | 13.4
Stealth        | 3 4 5 |  5.4

Action                   |  1- 3 |  4- 6 |  7- 9 | 10-12 | 13-15 || total
-------------------------+-------+-------+-------+-------+-------++-------
Melee: Hand axe          |    18 |    39 |    43 |       |       ||   100
       Battleaxe         |       |       |    59 |   148 |    61 ||   268
       Executioner's axe |       |       |       |    77 |     6 ||    83
Invok: Berserk           |     1 |       |     4 |    10 |     3 ||    18
       Brothers in Arms  |       |       |     1 |       |       ||     1
  Use: Potion            |       |       |       |     1 |     1 ||     2
 Stab: Confused          |       |       |       |     2 |       ||     2
  Eat: Chunk             |       |       |     7 |     5 |     1 ||    13
       Fruit             |       |       |       |     2 |       ||     2
       Bread ration      |       |       |       |     2 |     1 ||     3
Armor: Animal skin       |     2 |     2 |       |       |       ||     4
       Plate armour      |       |    36 |    78 |   129 |       ||   243
       Troll leather arm |       |       |       |    43 |     6 ||    49
Dodge: Dodged            |    13 |    46 |    49 |   127 |    17 ||   252
